Map: Eternal Empire LE

Players

Neeb - Winner!

  • Race: Protoss Protoss
  • Spawn Location: 7:00

Armani

  • Race: Zerg Zerg
  • Spawn Location: 1:00

Event: StayAtHomestory Cup #2

VOD

Have the link to the VOD?

Description

Time

  • Played on: June 12, 2020, 8:03 a.m.
  • Length: 10:41

All games in this series

Show
View Real Time Build Order
Export as new Build Order

Neeb Protoss - Winner!

Build Orders: 1 Gate Expand, Oracle Opening, Archon Immortal 

Get SALT Encoding   

  12  0:02  Probe  
  13  0:14  Probe  
  14  0:19  Pylon  
  14  0:26  Probe  
  15  0:32  Assimilator  
  15  0:35  Probe  
  16  0:43  Probe  
  16  0:45  Gateway  
  17  0:52  Probe  
  18  1:04  Probe  
  19  1:16  Probe  
  20  1:24  Nexus  
  20  1:33  Cybernetics Core  
  20  1:37  Probe  
  21  1:42  Assimilator  
  21  1:49  Probe  
  21  1:52  Pylon  
  22  1:57  Probe  
  22  2:00  Adept  
  23  2:06  Probe  
  23  2:10  Warp Gate  
  26  2:16  Probe  
  26  2:22  Stargate  
  27  2:28  Probe  
  28  2:31  Stalker  
  28  2:32  Probe  
  31  2:40  Probe x2  
  32  2:50  Probe  
  33  2:52  Probe  
  33  2:56  Oracle  
  35  3:02  Probe, Pylon  
  35  3:04  Probe  
  37  3:11  Adept  
  42  3:14  Probe  
  42  3:16  Probe, Assimilator  
  44  3:23  Oracle  
  44  3:26  Probe, Pylon  
  45  3:29  Probe  
  49  3:39  Probe  
  49  3:41  Probe, Pylon  
  51  3:45  Assimilator  
  51  3:51  Probe  
  51  3:53  Probe  
  51  3:54  Pylon  
  53  3:59  Gateway  
  53  4:03  Probe  
  53  4:04  Adept  
  53  4:05  Probe  
  57  4:14  Robotics Facility  
  57  4:15  Probe  
  60  4:17  Probe  
  59  4:27  Forge, Probe, Stalker  
  59  4:29  Twilight Council  
  62  4:31  Probe  
  63  4:39  Probe  
  64  4:48  Probe  
  64  4:49  Protoss Ground Weapons Level 1  
  64  4:51  Probe  
  63  4:53  Adept  
  63  4:54  Adept  
  67  5:00  Probe  
  67  5:03  Immortal, Probe  
  67  5:07  Nexus  
  69  5:08  Pylon  
  73  5:15  Probe  
  74  5:21  Probe  
  74  5:25  Sentry  
  74  5:27  Sentry  
  79  5:29  Probe  
  79  5:30  Pylon  
  79  5:33  Immortal  
  79  5:34  Probe  
  81  5:42  Probe  
  86  5:48  Probe  
  87  5:53  Charge  
  87  5:54  Probe  
  87  5:55  Templar Archives  
  84  5:58  Sentry, Zealot  
  84  6:00  Probe  
  84  6:02  Gateway  
  84  6:03  Gateway  
  89  6:06  Probe  
  90  6:11  Observer  
  90  6:13  Probe  
  90  6:18  Probe  
  93  6:23  Immortal  
  94  6:26  Gateway, Pylon  
  94  6:28  Gateway  
  94  6:30  Shield Battery  
  94  6:31  Pylon  
  93  6:34  Shield Battery  
  93  6:35  Sentry  
  93  6:36  Sentry  
  93  6:39  Shield Battery  
  101  6:42  Pylon  
  101  6:46  Pylon  
  101  6:55  Gateway x2  
  101  6:57  Pylon  
  101  6:59  Stalker x2  
  105  7:02  Immortal  
  105  7:05  Stalker x2  
  105  7:21  Stalker  
  104  7:22  Stalker  
  104  7:23  Stalker x2  
  110  7:32  Shield Battery  
  110  7:34  Immortal, Stalker x2  
  114  7:37  Shield Battery  
  114  7:38  Shield Battery  
  114  7:40  Protoss Ground Weapons Level 2  
  110  7:48  Zealot x4  
  118  7:56  Probe x2  
  118  7:57  Pylon  
  120  8:01  Photon Cannon  
  120  8:03  Probe  
  121  8:07  Assimilator  
  121  8:08  Assimilator  
  121  8:09  Sentry, Observer  
  121  8:10  Sentry x2  
  128  8:16  Pylon x2  
  128  8:20  Sentry, Zealot  
  128  8:21  Zealot  
  132  8:28  Warp Prism  
  132  8:33  Zealot x3  
  140  8:43  Pylon  
  140  8:45  High Templar x2, Zealot  
  140  8:47  Photon Cannon  
  146  8:50  Archon  
  146  8:53  Photon Cannon  
  146  8:57  Zealot x4  
  154  9:07  Pylon  
  154  9:08  Phoenix  
  154  9:09  Zealot  
  156  9:10  Pylon  
  156  9:11  Pylon  
  158  9:22  Stalker x2  
  156  9:32  High Templar x4  
  156  9:36  Archon x2  
  164  9:40  Phoenix  
  164  9:42  Photon Cannon  
  164  9:45  Photon Cannon  
  164  9:48  Photon Cannon  
  164  9:49  Shield Battery  
  164  9:58  Stalker x3  
  166  10:02  Gateway  
  166  10:05  Stalker x2  
  166  10:06  Phoenix  
  161  10:21  Stalker x3  
  164  10:28  Stalker  
  159  10:38  Zealot  
Show
View Real Time Build Order
Export as new Build Order

Armani Zerg 

Build Orders: Hatch First 

Get SALT Encoding   

  12  0:00  Drone  
  13  0:13  Overlord  
  13  0:18  Drone  
  14  0:32  Drone x2  
  16  0:49  Hatchery  
  15  0:53  Drone  
  17  0:57  Drone  
  17  1:00  Drone  
  18  1:11  Extractor  
  17  1:15  Spawning Pool  
  17  1:18  Drone  
  17  1:22  Drone  
  18  1:30  Drone  
  19  1:40  Drone  
  20  1:49  Hatchery  
  20  1:52  Drone  
  20  2:02  Queen  
  20  2:05  Drone  
  23  2:08  Drone  
  24  2:17  Queen  
  26  2:23  Overlord  
  26  2:28  Metabolic Boost  
  26  2:30  Drone  
  26  2:33  Zergling x2  
  28  2:42  Zergling x2  
  29  2:44  Drone  
  29  2:45  Drone x3  
  33  2:53  Queen  
  35  2:58  Overlord  
  35  3:00  Drone  
  35  3:02  Drone  
  37  3:09  Queen  
  37  3:11  Drone  
  40  3:13  Drone  
  40  3:18  Drone x2  
  43  3:24  Drone  
  43  3:26  Overlord  
  44  3:28  Drone  
  44  3:29  Drone  
  44  3:32  Queen  
  48  3:37  Zergling x4  
  48  3:40  Drone  
  50  3:45  Spore Crawler  
  50  3:46  Drone  
  50  3:56  Overlord  
  50  4:00  Drone x3  
  50  4:01  Drone  
  50  4:02  Drone  
  55  4:03  Roach Warren  
  55  4:08  Zergling x8  
  58  4:12  Overlord  
  58  4:16  Zergling x6  
  61  4:22  Spore Crawler  
  60  4:28  Lair  
  60  4:30  Drone x6  
  66  4:32  Extractor  
  66  4:33  Extractor  
  66  4:35  Spore Crawler  
  66  4:36  Drone  
  63  4:38  Drone  
  63  4:40  Spore Crawler  
  63  4:41  Overlord  
  63  4:44  Drone x2  
  60  4:52  Drone  
  60  4:53  Drone x2  
  60  4:56  Drone x2  
  64  5:01  Pneumatized Carapace  
  62  5:08  Overlord  
  62  5:12  Queen  
  62  5:13  Extractor  
  62  5:23  Roach  
  62  5:24  Roach x4  
  62  5:26  Drone  
  62  5:27  Drone  
  62  5:28  Drone  
  75  5:31  Drone  
  75  5:32  Drone x2  
  77  5:35  Drone  
  77  5:37  Roach x2  
  81  5:47  Drone  
  81  5:49  Roach x2  
  78  6:04  Zergling x10  
  78  6:07  Overlord  
  82  6:12  Overlord  
  82  6:15  Overlord  
  82  6:17  Overlord  
  82  6:25  Overlord  
  82  6:27  Ravager x7  
  82  6:29  Zergling x2  
  82  6:31  Zergling x2  
  82  6:32  Zergling x10  
  96  6:34  Ravager  
  96  6:38  Zergling x8  
  101  6:42  Ravager  
  101  6:44  Zergling x2  
  101  6:45  Zergling x6  
  106  6:50  Queen  
  108  6:55  Zergling x8  
  108  7:09  Zergling x16  
  110  7:20  Zergling x2  
  110  7:21  Zergling x6, Spire  
  100  7:38  Queen x2  
  100  7:40  Zergling x10  
  100  7:41  Zergling x2  
  97  7:45  Drone  
  97  7:46  Drone  
  97  7:47  Drone  
  97  7:50  Drone  
  99  7:53  Drone x4  
  99  7:57  Extractor, Drone  
  103  7:59  Drone  
  103  8:03  Drone  
  103  8:04  Drone x2  
  103  8:05  Drone  
  108  8:08  Drone  
  108  8:11  Overlord  
  109  8:14  Overlord  
  97  8:34  Mutalisk  
  97  8:35  Mutalisk x7  
  110  8:47  Extractor  
  110  8:48  Mutalisk x3  
  109  8:52  Zergling x2  
  116  8:58  Evolution Chamber, Mutalisk  
  117  9:03  Mutalisk  
  117  9:05  Zergling x4  
  117  9:07  Overlord, Hatchery  
  120  9:14  Mutalisk  
  122  9:17  Overlord  
  122  9:20  Zergling x10  
  126  9:28  Mutalisk x2  
  128  9:32  Mutalisk  
  128  9:35  Overlord x2  
  128  9:36  Zergling x6  
  133  9:41  Mutalisk  
  133  9:45  Zergling x6  
  129  10:01  Mutalisk  
  129  10:04  Zergling x8  
  97  10:23  Zergling x6  
Tags
 
Add a new tag
Caveats
  • Supply blocks, unpowered buildings, or Contaminate may cause inaccurate times.
  • Supply counts are checked every 10 seconds.